 Dungeon Crawl Stone Soup version 0.30-a0-632-g346586fe48 (webtiles) character file.

Game seed: 12366278528936648567

11918 tilp the Carver (level 12, 0/103 HPs)
             Began as a Meteoran Fighter on Jan 13, 2023.
             Was a High Priest of Okawaru.
             Slain by a cane toad (15 damage)
             ... on level 2 of the Lair of Beasts.
             The game lasted 00:25:25 (5230 turns).

tilp the Carver (Meteoran Fighter)                  Turns: 5230, Time: 00:25:27

Health: 0/103      AC: 15    Str: 24    XL:     12   Next: 41%
Magic:  0/19       EV: 18    Int:  9    God:    Okawaru [*****.]
Gold:   317        SH: 14    Dex: 24    Spells: 11/11 levels left

rFire   . . .      SeeInvis .    a - +0 long sword (elec)
rCold   . . .      Faith    .    w - +0 kite shield
rNeg    . . .      Spirit   +    C - +0 chain mail
rPois   +          Reflect  .    i - +2 hat of the Bear Spirit {Spirit, Bear, *Rage Will++}
rElec   .          Harm     .    e - +0 cloak
rCorr   .          Rampage  .    (no gloves)
Will    +++..      Clarity  +    (no boots)
Stlth   +                        (no amulet)
HPRegen 0.37/turn                s - ring of poison resistance
MPRegen 0.16/turn                h - +6 ring of strength

@: heroic, glowing
A: sense surroundings 2, otherworldly, glowing, explore regen, claws 1, thin
skeletal structure 1, agile 1, clarity
a: Renounce Religion, Heroism, Finesse, Duel


You were on level 2 of the Lair of Beasts.
You worshipped Okawaru.
Okawaru was extremely pleased with you.
You visited 3 branches of the dungeon, and saw 13 of its levels.
You also visited: Ossuary.

You collected 552 gold pieces.
You spent 235 gold pieces at shops.

Inventory:

Hand Weapons
 a - a +0 long sword of electrocution (weapon)
 b - a +0 dagger of electrocution
 o - a +1 dagger of speed
Missiles
 g - 5 boomerangs
 n - 5 javelins
 t - 27 poisoned darts (quivered)
 B - a throwing net {!f}
 J - a curare-tipped dart
Armour
 e - a +0 cloak (worn)
 i - the +2 hat of the Bear Spirit (worn) {Spirit, Bear, *Rage Will++}
   (You found it on level 4 of the Dungeon)

   Bear:      Going berserk makes the wearer tougher, and they're slowed less
   afterward.
   *Rage:     It berserks you when you make melee attacks (+20% chance).
   Will:      It greatly increases your willpower.
 w - a +0 kite shield (worn)
 C - a +0 chain mail (worn)
Jewellery
 h - a +6 ring of strength (right claw)
 k - a ring of magical power
 s - a ring of poison resistance (left claw)
 z - a ring of wizardry
 M - a +6 ring of dexterity
 N - a +4 ring of protection
Wands
 c - a wand of flame (12)
 d - a wand of digging (6)
 m - a wand of iceblast (4)
 H - a wand of paralysis (8)
Scrolls
 f - a scroll of magic mapping {unknown}
 p - 3 scrolls of fear
 u - a scroll of blinking
 F - a scroll of vulnerability
 I - a scroll of poison
 L - a scroll of silence
 P - 2 scrolls of immolation
 Q - 2 scrolls of teleportation
Potions
 j - 4 potions of haste
 l - 4 potions of flight
 q - a potion of heal wounds
 v - 2 potions of magic
 x - a potion of cancellation
 A - 4 potions of mutation
 D - 2 potions of attraction
 E - a potion of brilliance
 G - a potion of curing
 K - a potion of lignification {unknown}


   Skills:
 + Level 8.4(13.4) Fighting
 * Level 10.7(15.7) Long Blades
 + Level 4.8(9.8) Throwing
 + Level 6.6(11.6) Armour
 + Level 10.3(15.3) Dodging
 - Level 4.0(9.0) Stealth
 + Level 6.6(11.6) Shields
 + Level 8.5 Invocations
 + Level 4.8 Evocations


You had 11 spell levels left.
You didn't know any spells.
Your spell library was empty.

Dungeon Overview and Level Annotations

Branches:
Dungeon (9/15) Zot: 901    Temple (1/1) D:5 Zot: 446    Lair (3/5) D:8 Zot: 1231
  Swamp (0/4) Lair:2      Ossuary (visited)
  Snake: Lair:2-3    Spider: Lair:2-3       Orc: D:9-12

Altars:
Ashenzari
Cheibriados
Dithmenos
Fedhas
Gozag
Kikubaaqudgha
Makhleb
Nemelex Xobeh
Okawaru
Qazlal
Ru
Sif Muna
Trog
Uskayaw
Vehumet
Xom
Yredelemnul
Zin
The Shining One

Shops:
D:6 *

Annotations:
D:4 3 runed translucent doors, eyesofgods1's ghost, amateur DEHu


Innate Abilities, Weirdness & Mutations

You passively map the area around you.
You are easily found by Zot.
You glow in the dark.
You regain HP and MP as you explore.
You have sharp fingernails.
You have a somewhat thin skeletal structure. (Dex +2, Stealth+)
You are agile. (Dex +4, Str/Int -1)
You possess an exceptional clarity of mind.


Message History

The cane toad closely misses you.
You hit the cane toad but do no damage.
The cane toad is severely wounded.
The cane toad stings you.
* * * LOW HITPOINT WARNING * * *
You barely miss the cane toad.
The cane toad is severely wounded.
The cane toad stings you!
* * * LOW HITPOINT WARNING * * *
The cane toad closely misses you.
You hit the cane toad.
The cane toad is severely wounded.
You block the cane toad's attack.
You hit the cane toad.
Lightning courses through the cane toad!
You kill the cane toad!
Okawaru accepts your kill.
The wolf stops to sniff the ground.
You block the wolf's attack.
You closely miss the wolf.
The wolf is moderately wounded.
The wolf bites you but does no damage.
You slash the wolf!
The wolf is heavily wounded.
You block the wolf's attack. The wolf barely misses you.
You barely miss the wolf.
The wolf is heavily wounded.
The wolf bites you but does no damage. You block the wolf's attack.
You hit the wolf.
The wolf is severely wounded.
The wolf bites you but does no damage.
You slash the wolf!
You kill the wolf!
Okawaru accepts your kill.
The cane toad stings you but does no damage.
You gain the combat prowess of a mighty hero.
The cane toad stings you!
* * * LOW HITPOINT WARNING * * *
You barely miss the cane toad. The cane toad stings you!!
You die...

..#####.......#
#.#.####....###
..............####...#
*....#* ,,
#.......#.....##.....#
*...##* ,
........#.......P....#* .#
........#...........†###...##
,
#......##.......#####.......#
##†#...#........# *###....##
* *
##.#.#.#.......####P##.#...#
**, ........).....FF@.......
.... ,
#####.##†.###.###.####.# ###
####### ### *## ** *


You could see 2 cane toads.

Vanquished Creatures
  A hydra (Lair:2)
  2 black mambas
  7 elephants
  4 cane toads (Lair:2)
  3 komodo dragons
  3 blink frogs (Lair:1)
  18 yaks
  A wyvern (D:7)
  A basilisk (D:8)
  A steam dragon (D:6)
  6 water moccasins
  Duvessa (D:4)
  An ice beast (D:5)
  A sky beast (D:6)
  A phantom (D:6)
  3 wolves (Lair:2)
  A kobold brigand (D:7)
  An elf zombie (Ossuary)
  A gnoll sergeant (D:6)
  3 scorpions (D:6)
  2 bullfrogs
  2 necrophages
  Dowan (D:4)
  A howler monkey (D:6)
  3 hounds
  2 jellies
  4 orc priests
  A gnoll bouda (D:5)
  8 iguanas
  2 orc wizards
  4 mummies
  Robin (D:4)
  7 gnolls
  3 adders
  2 white imps
  An ufetubus (D:5)
  2 adder zombies (Ossuary)
  4 worms
  5 dart slugs
  26 orcs
  A bat (D:1)
  7 endoplasms
  5 giant cockroaches
  A gnoll zombie (Ossuary)
  13 goblins
  8 hobgoblins
  A quokka (D:2)
  7 ball pythons
  5 frilled lizards
  7 goblin zombies (Ossuary)
  2 hobgoblin zombies
  26 kobolds
  5 kobold zombies
  2 quokka zombies (Ossuary)
  4 rats (D:1)
235 creatures vanquished.

Vanquished Creatures (others)
  An orc (D:4)
  2 foxfires (Lair:2)
  21 fungi
  16 plants
  2 toadstools (D:8)
42 creatures vanquished.

Grand Total: 277 creatures vanquished

Notes
Turn   | Place    | Note
-------+----------+-------------------------------------------
     0 | D:1      | tilp the Meteoran Fighter began the quest for the Orb.
     0 | D:1      | Reached XP level 1. HP: 19/19 MP: 2/2
    73 | D:1      | Reached XP level 2. HP: 25/26 MP: 3/3
   136 | D:1      | Reached skill level 1 in Dodging
   354 | D:2      | Reached XP level 3. HP: 28/31 MP: 4/4
   734 | D:3      | Found a faded altar of an unknown god.
   768 | D:3      | Reached XP level 4. HP: 36/40 MP: 5/5
   846 | D:3      | Reached skill level 1 in Stealth
   930 | D:4      | Reached skill level 1 in Throwing
   930 | D:4      | Reached XP level 5. HP: 5/46 MP: 6/6
  1025 | D:4      | Noticed Robin
  1040 | D:4      | Killed Robin
  1134 | D:4      | Reached XP level 6. HP: 6/52 MP: 7/7
  1284 | D:4      | Found a runed translucent gate.
  1285 | D:4      | Found a runed translucent gate.
  1322 | D:4      | Found a blossoming altar of Fedhas.
  1326 | D:4      | Noticed Duvessa
  1326 | D:4      | Noticed Dowan
  1347 | D:4      | Killed Duvessa
  1353 | D:4      | HP: 1/52 [hobgoblin (2)]
  1356 | D:4      | Gained mutation: You possess an exceptional clarity of
                  | mind. [potion of mutation]
  1356 | D:4      | Gained mutation: You are agile. (Dex +4, Str/Int -1)
                  | [potion of mutation]
  1356 | D:4      | Gained mutation: You have sharp fingernails. [potion of
                  | mutation]
  1356 | D:4      | Gained mutation: You have a somewhat thin skeletal
                  | structure. (Dex +2, Stealth+) [potion of mutation]
  1358 | D:4      | Killed Dowan
  1359 | D:4      | Reached XP level 7. HP: 3/59 MP: 8/8
  1405 | D:4      | Found a runed translucent gate.
  1407 | D:4      | Noticed eyesofgods1's ghost (amateur DEHu)
  1747 | D:4      | Found the +2 hat of the Bear Spirit {Spirit, Bear, *Rage
                  | Will++}
  1953 | D:5      | Entered Level 5 of the Dungeon
  2112 | D:5      | Found a staircase to the Ecumenical Temple.
  2121 | Temple   | Entered the Ecumenical Temple
  2482 | D:5      | Noticed a water moccasin
  2492 | D:5      | Killed a water moccasin
  2493 | D:5      | Reached skill level 5 in Dodging
  2540 | D:5      | Found a snail-covered altar of Cheibriados.
  2565 | D:5      | Reached XP level 8. HP: 62/67 MP: 7/9
  2695 | D:5      | Reached skill level 5 in Armour
  2698 | D:5      | Reached skill level 5 in Long Blades
  2767 | D:5      | Found a shimmering altar of Xom.
  2932 | D:5      | Glimpsed the power of Zot.
  3109 | D:6      | Reached skill level 5 in Fighting
  3109 | D:6      | Gained mutation: You passively map the area around you.
                  | [Meteoran growth]
  3109 | D:6      | Reached XP level 9. HP: 63/74 MP: 7/10
  3679 | D:6      | Found Hugihumm's Gadget Gallery.
  3687 | D:6      | Bought a wand of paralysis (7) for 235 gold pieces
  4066 | D:8      | Noticed an elephant
  4081 | D:7      | Reached skill level 1 in Evocations
  4081 | D:7      | Reached XP level 10. HP: 63/83 MP: 8/11
  4230 | D:8      | Found an iron altar of Okawaru.
  4250 | D:8      | Became a worshipper of Warmaster Okawaru
  4289 | D:8      | Found a sand-covered staircase.
  4323 | Ossuary  | Entered an ossuary
  4561 | D:8      | Found a staircase to the Lair.
  4624 | D:8      | Killed an elephant
  4625 | D:8      | Reached skill level 1 in Invocations
  4647 | Lair:1   | Entered Level 1 of the Lair of Beasts
  4659 | Lair:1   | Reached * piety under Okawaru
  4715 | Lair:2   | Noticed an elephant
  4715 | Lair:2   | Noticed a cane toad
  4715 | Lair:2   | Noticed a will-o-the-wisp
  4716 | Lair:2   | Found a staircase to the Swamp.
  4716 | Lair:2   | Noticed an elephant
  4716 | Lair:2   | Noticed a black mamba
  4716 | Lair:2   | Noticed an elephant
  4717 | Lair:2   | Noticed an elephant
  4718 | Lair:2   | Noticed an elephant
  4718 | Lair:2   | Noticed a six-headed hydra
  4731 | Lair:1   | Killed a black mamba
  4750 | Lair:1   | Noticed a cane toad
  4752 | Lair:1   | Noticed a komodo dragon
  4760 | Lair:1   | Killed a komodo dragon
  4760 | Lair:1   | Reached ** piety under Okawaru
  4819 | Lair:2   | Noticed a cane toad
  4835 | Lair:2   | Killed a cane toad
  4836 | Lair:2   | Reached skill level 5 in Shields
  4836 | Lair:2   | Reached XP level 11. HP: 80/91 MP: 13/15
  4856 | Lair:2   | Reached skill level 5 in Invocations
  4866 | Lair:2   | Reached *** piety under Okawaru
  4921 | Lair:2   | Noticed a black mamba
  4936 | Lair:2   | Killed a black mamba
  4977 | Lair:2   | Reached skill level 10 in Long Blades
  4977 | Lair:2   | Reached skill level 10 in Dodging
  5027 | Lair:2   | Noticed an elephant
  5035 | Lair:2   | Killed an elephant
  5035 | Lair:2   | Reached **** piety under Okawaru
  5055 | Lair:3   | Noticed a black mamba
  5055 | Lair:3   | Noticed a black mamba
  5055 | Lair:3   | Found an opulent altar of Gozag.
  5097 | Lair:2   | Killed an elephant
  5111 | Lair:2   | Killed an elephant
  5112 | Lair:2   | Reached XP level 12. HP: 87/101 MP: 12/19
  5136 | Lair:2   | Reached ***** piety under Okawaru
  5199 | Lair:2   | Killed a six-headed hydra
  5199 | Lair:2   | Received a gift from Okawaru
  5230 | Lair:2   | Slain by a cane toad

Illustrated notes

Levels and vault maps discovered:
D:1:      wheals_arrival_shading, layout_basic
D:2:      layout_loops_ring
D:3:      layout_rooms, shapermc_ecumenical_altar_pompeii
D:4:      minmay_octagon_keep, layout_basic, nicolae_overflow_crystal_walls,
          ebering_ghost_rock_garden, serial_aquarium, aquarium_bridge_straight
          [aquarium_subvault_bridge, aquarium_subvault_wall,
          aquarium_subvault_bridge, aquarium_subvault_wall], aquarium_window_2,
          aquarium_window_corner, aquarium_window_1, aquarium_view_2f,
          aquarium_view_2g, uniq_duvessa, uniq_robin
D:5:      layout_basic, xom_confusion_cloud, kennysheep_slug_shrine,
          lemuel_temple_firewalk_b
D:6:      minmay_recursive_quarters, layout_cave_pools, grunt_decor_arrowhead,
          minmay_misc_feat_rugged, nicolae_shop_gadgets
D:7:      kennysheep_kobold_camp, layout_cave_pools
D:8:      hellmonk_crumbling_castle, layout_gridville, lemuel_crystal_altar,
          david_lair_generic, nicolae_ossuary_entry_giza,
          minmay_gold_behind_fungi, uniq_grum, uniq_amaemon
D:9:      layout_gridville, lemuel_crystal_altar, kennysheep_mini_moat,
          gammafunk_ghost_ooze
Temple:   nicolae_temple_bog_church
Lair:1:   gammafunk_worm_tunnel, layout_loops_ring,
          ebering_ghost_reflecting_pool, uniq_gastronok
Lair:2:   layout_regular_city, minmay_swamp_entry_wisps, gauntlet_entry_generic
Lair:3:   layout_misc_corridors, spider_nest_entry_rubble, basic_altar,
          grunt_megastairs_5

Skill      XL: |  1  2  3  4  5  6  7  8  9 10 11 |
---------------+----------------------------------+-----
Dodging        | 1 2 3 4 5 6 8 9 10 | 10.3
Armour         | 4 5 6 |  6.6
Shields        | 4 5 6 |  6.6
Stealth        | 1 2 3 4 |  4.0
Throwing       | 1 2 3 4 |  4.8
Fighting       | 4 5 6 8 |  8.4
Long Blades    | 3 4 5 7 9 10 | 10.7
Evocations     | 1 4 |  4.8
Invocations    | 4 8 |  8.5

Action                   |  1- 3 |  4- 6 |  7- 9 | 10-12 || total
-------------------------+-------+-------+-------+-------++-------
Melee: Long sword        |    87 |   126 |   394 |   349 ||   956
       Dagger            |       |       |       |     1 ||     1
Throw: Dart              |     1 |    11 |     8 |    15 ||    35
       Boomerang         |       |       |     2 |       ||     2
Invok: Heroism           |       |       |       |     7 ||     7
Evoke: Wand              |       |       |       |     5 ||     5
  Use: Potion            |       |     5 |       |     1 ||     6
       Scroll            |       |       |    18 |     3 ||    21
 Stab: Paralysed         |       |       |       |     4 ||     4
Armor: Scale mail        |    41 |    70 |    24 |       ||   135
       Chain mail        |       |       |   174 |    97 ||   271
Dodge: Dodged            |    26 |    33 |   168 |   160 ||   387
Block: Buckler           |    21 |    35 |   104 |       ||   160
       Kite shield       |       |       |    27 |   213 ||   240

Table legend: (Time is in decaauts)
 A = Elapsed time spent in this place.
 B = Non-inter-level travel time spent in this place.
 C = Inter-level travel time spent in this place.
 D = Time resting spent in this place.
 E = Time spent auto-exploring this place.
 F = Levels seen in this place.
 G = Mean time per level.
                   A        B        C        D        E       F      G
               +--------+--------+--------+--------+--------+-----+--------+
         Total |   5384 |   4555 |    829 |     76 |      0 |  14 |  384.6 |
       Dungeon |   4499 |   3678 |    821 |      5 |      0 |   9 |  499.9 |
        Temple |    153 |    145 |      8 |     71 |      0 |   1 |  153.0 |
          Lair |    568 |    568 |      0 |      0 |      0 |   3 |  189.3 |
       Ossuary |    163 |    163 |      0 |      0 |      0 |   1 |  163.0 |
               +--------+--------+--------+--------+--------+-----+--------+

Top non-repeatable levels by time:
     D:4: 1157 daAuts
     D:5: 874 daAuts
     D:6: 621 daAuts
  Lair:2: 434 daAuts
     D:8: 425 daAuts
     D:7: 386 daAuts
     D:2: 360 daAuts
     D:1: 352 daAuts
     D:3: 319 daAuts
 Ossuary: 163 daAuts
  Temple: 153 daAuts
  Lair:1: 131 daAuts
  Lair:3: 1 daAuts
     D:9: 1 daAuts
